[ AOE2 MATCH · #507277006 ]
UnrankedMaya vs Portuguese
Player's team · WIN
Rival team · LOSS
[ REPLAY ANALYSIS · EXTRACTED FROM THE RECORDED GAME ]
Feudal
10:37
Castle
22:40
Imperial
28:34
| APM avg | 40.3 |
| APM peak | 75 |
| eAPM avg | 18.1 |
| Villagers / military | 66 / 81 |
Focus
⚔️ 41.8% · 🌾 58.2%
Archer ×61 · Fishing Ship ×20 · Skirmisher ×10 · Spearman ×4 · Militia ×3 · Unknown (2626) ×2
Feudal
9:50
Castle
18:22
Imperial
—
| APM avg | 50.8 |
| APM peak | 81 |
| eAPM avg | 34.6 |
| Villagers / military | 162 / 78 |
Focus
⚔️ 49.4% · 🌾 50.6%
Knight ×25 · Archer ×15 · Scorpion ×15 · Skirmisher ×14 · Fishing Ship ×14 · Monk ×5
Match map
Initial resources + every placement click. Lines = walls · curves = elevation contours. ◆ gold · ⬟ stone · ● berries · ✦ relic · ◌ wall gap
Your base· Open — unwalled flank
CNZS_Dadaya's base· Open — unwalled flank
Smoothed initial terrain · ◌ = detected wall gap · hover for details
Inputs per minute
— recplorer - - CNZS_Dadaya
Build order — recplorer
First 150 of 275 actions detected
| 0:01 | Queue | Villager (Male) |
| 0:02 | Research | Loom |
| 0:05 | Build | House |
| 0:09 | Queue | Villager (Male) ×3 |
| 1:29 | Queue | Villager (Male) |
| 1:52 | Build | House |
| 2:02 | Queue | Villager (Male) |
| 2:22 | Queue | Villager (Male) |
| 2:25 | Build | House |
| 2:29 | Build | Lumber Camp |
| 2:53 | Queue | Villager (Male) |
| 2:54 | Queue | Villager (Male) |
| 3:45 | Queue | Villager (Male) |
| 4:11 | Queue | Villager (Male) |
| 4:28 | Queue | Villager (Male) |
| 4:39 | Build | Dock |
| 5:00 | Queue | Villager (Male) |
| 5:19 | Queue | Villager (Male) |
| 5:29 | Build | House |
| 5:31 | Queue | Fishing Ship |
| 5:42 | Queue | Villager (Male) |
| 5:56 | Build | House |
| 6:00 | Queue | Fishing Ship |
| 6:03 | Queue | Villager (Male) |
| 6:03 | Queue | Villager (Male) |
| 6:34 | Queue | Villager (Male) |
| 6:50 | Queue | Fishing Ship |
| 6:57 | Queue | Villager (Male) |
| 7:28 | Queue | Villager (Male) |
| 7:41 | Build | Barracks |
| 7:55 | Queue | Villager (Male) |
| 8:07 | Queue | Fishing Ship |
| 8:27 | Research | Feudal Age |
| 8:29 | Build | House |
| 8:32 | Queue | Militia |
| 8:47 | Queue | Militia |
| 9:01 | Build | Mining Camp |
| 9:36 | Queue | Militia |
| 9:40 | Queue | Fishing Ship |
| 9:58 | Queue | Villager (Male) |
| 10:24 | Queue | Fishing Ship |
| 10:37 | Age | Feudal Age |
| 10:41 | Build | Watch Tower |
| 10:44 | Research | Man-at-Arms (upgrade) |
| 10:44 | Queue | Villager (Male) |
| 10:51 | Build | House |
| 10:55 | Queue | Villager (Male) |
| 11:13 | Queue | Villager (Male) |
| 11:16 | Queue | Fishing Ship |
| 11:34 | Build | House |
| 11:39 | Queue | Villager (Male) |
| 11:49 | Queue | Fishing Ship |
| 11:50 | Queue | Villager (Male) |
| 12:03 | Build | Archery Range |
| 12:09 | Queue | Villager (Male) |
| 12:14 | Build | Mining Camp |
| 12:18 | Queue | Villager (Male) |
| 12:44 | Queue | Fishing Ship |
| 12:47 | Queue | Skirmisher |
| 12:47 | Queue | Skirmisher |
| 12:48 | Build | House |
| 12:59 | Queue | Villager (Male) |
| 13:03 | Queue | Skirmisher |
| 13:14 | Research | Double-Bit Axe |
| 13:15 | Queue | Villager (Male) |
| 13:20 | Queue | Villager (Male) |
| 14:03 | Build | Blacksmith |
| 14:04 | Queue | Villager (Male) |
| 14:07 | Queue | Villager (Male) |
| 14:30 | Research | Fletching |
| 14:34 | Build | Watch Tower |
| 14:35 | Queue | Villager (Male) |
| 14:45 | Queue | Skirmisher |
| 15:06 | Build | House |
| 15:07 | Queue | Villager (Male) |
| 15:25 | Queue | Skirmisher |
| 15:29 | Queue | Villager (Male) |
| 15:50 | Build | Palisade Wall |
| 15:51 | Build | Palisade Wall |
| 15:51 | Build | Palisade Wall |
| 15:52 | Build | Palisade Wall |
| 15:52 | Build | Palisade Wall |
| 15:53 | Build | Palisade Wall |
| 15:53 | Build | Palisade Wall |
| 15:54 | Build | Palisade Wall |
| 15:56 | Build | Outpost |
| 15:57 | Queue | Villager (Male) |
| 15:58 | Queue | Skirmisher |
| 16:12 | Build | Mill |
| 16:12 | Queue | Villager (Male) |
| 16:21 | Build | Watch Tower |
| 16:28 | Build | Dock |
| 16:44 | Build | Outpost |
| 16:46 | Queue | Skirmisher |
| 16:46 | Queue | Skirmisher |
| 17:05 | Build | House |
| 17:51 | Build | House |
| 17:58 | Queue | Fishing Ship |
| 17:58 | Queue | Fishing Ship |
| 18:13 | Queue | Villager (Male) |
| 18:27 | Build | House |
| 18:42 | Build | Watch Tower |
| 18:55 | Queue | Skirmisher |
| 18:55 | Queue | Skirmisher |
| 18:57 | Research | Padded Archer Armor |
| 19:14 | Queue | Villager (Male) |
| 19:22 | Build | Dock |
| 19:26 | Build | House |
| 19:28 | Build | Watch Tower |
| 19:30 | Build | Mining Camp |
| 19:55 | Build | Palisade Wall |
| 19:56 | Build | Palisade Wall |
| 19:56 | Build | Palisade Wall |
| 19:57 | Build | Palisade Wall |
| 19:58 | Build | Palisade Wall |
| 19:59 | Build | Palisade Wall |
| 20:00 | Research | Castle Age |
| 20:08 | Queue | Archer |
| 20:10 | Build | Archery Range |
| 20:19 | Build | Watch Tower |
| 20:24 | Build | Watch Tower |
| 20:26 | Build | Lumber Camp |
| 20:29 | Queue | Archer |
| 20:44 | Queue | Villager (Male) |
| 20:45 | Build | Palisade Wall |
| 20:46 | Build | Palisade Wall |
| 20:47 | Queue | Fishing Ship |
| 20:47 | Queue | Fishing Ship |
| 20:55 | Build | Palisade Wall |
| 20:57 | Build | Palisade Wall |
| 20:58 | Build | Palisade Wall |
| 20:59 | Build | Palisade Wall |
| 21:13 | Queue | Archer |
| 21:13 | Queue | Archer |
| 21:14 | Queue | Spearman |
| 21:19 | Queue | Archer |
| 21:21 | Queue | Villager (Male) |
| 21:40 | Build | Stone Wall |
| 21:42 | Build | Stone Wall |
| 21:47 | Queue | Villager (Male) |
| 21:48 | Queue | Fishing Ship |
| 21:52 | Queue | Spearman |
| 21:56 | Queue | Archer |
| 21:56 | Queue | Archer |
| 22:04 | Queue | Fishing Ship |
| 22:04 | Queue | Fishing Ship |
| 22:06 | Research | Tech 906 |
| 22:11 | Queue | Fishing Ship |
| 22:26 | Build | Outpost |
| 22:30 | Queue | Spearman |
Build order — CNZS_Dadaya
First 150 of 378 actions detected
| 0:00 | Queue | Villager (Male) |
| 0:00 | Queue | Villager (Male) |
| 0:00 | Queue | Villager (Male) |
| 0:01 | Queue | Villager (Male) |
| 0:02 | Build | House |
| 0:02 | Build | House |
| 1:27 | Queue | Villager (Male) |
| 1:27 | Queue | Villager (Male) |
| 1:55 | Build | Lumber Camp |
| 1:59 | Queue | Villager (Male) |
| 1:59 | Queue | Villager (Male) |
| 2:16 | Queue | Villager (Male) |
| 2:16 | Queue | Villager (Male) |
| 2:16 | Queue | Villager (Male) |
| 2:34 | Queue | Villager (Male) |
| 2:35 | Queue | Villager (Male) |
| 2:58 | Queue | Villager (Male) |
| 2:58 | Queue | Villager (Male) |
| 3:28 | Queue | Villager (Male) |
| 3:28 | Queue | Villager (Male) |
| 3:42 | Build | Dock |
| 3:53 | Queue | Villager (Male) |
| 3:54 | Queue | Villager (Male) |
| 4:01 | Build | House |
| 4:21 | Queue | Villager (Male) |
| 4:35 | Queue | Fishing Ship |
| 4:38 | Queue | Villager (Male) |
| 4:38 | Queue | Villager (Male) |
| 5:08 | Queue | Villager (Male) |
| 5:09 | Queue | Villager (Male) |
| 5:13 | Build | House |
| 5:17 | Queue | Villager (Male) |
| 5:21 | Queue | Fishing Ship |
| 5:29 | Queue | Villager (Male) |
| 5:52 | Build | House |
| 6:00 | Queue | Villager (Male) |
| 6:03 | Build | Palisade Wall |
| 6:04 | Build | Palisade Wall |
| 6:13 | Queue | Fishing Ship |
| 6:14 | Queue | Fishing Ship |
| 6:50 | Queue | Fishing Ship |
| 6:53 | Queue | Villager (Male) |
| 7:07 | Research | Loom |
| 7:40 | Research | Feudal Age |
| 7:40 | Research | Feudal Age |
| 7:42 | Queue | Fishing Ship |
| 8:05 | Build | Dock |
| 8:09 | Build | Palisade Wall |
| 8:39 | Build | Barracks |
| 8:53 | Queue | Fishing Ship |
| 8:54 | Queue | Fishing Ship |
| 9:02 | Build | House |
| 9:14 | Queue | Villager (Male) |
| 9:14 | Queue | Villager (Male) |
| 9:35 | Build | Mining Camp |
| 9:50 | Age | Feudal Age |
| 9:56 | Build | Archery Range |
| 10:08 | Build | House |
| 10:10 | Research | Double-Bit Axe |
| 10:13 | Build | Palisade Wall |
| 10:17 | Build | Palisade Wall |
| 10:23 | Queue | Villager (Male) |
| 10:39 | Queue | Archer |
| 10:39 | Queue | Archer |
| 10:40 | Queue | Villager (Male) |
| 10:41 | Queue | Villager (Male) |
| 10:50 | Build | Watch Tower |
| 10:54 | Queue | Spearman |
| 10:56 | Queue | Archer |
| 11:02 | Build | Palisade Wall |
| 11:05 | Build | Palisade Wall |
| 11:06 | Queue | Villager (Male) |
| 11:14 | Queue | Archer |
| 11:14 | Queue | Archer |
| 11:27 | Queue | Villager (Male) |
| 11:39 | Queue | Villager (Male) |
| 11:48 | Queue | Villager (Male) |
| 11:48 | Queue | Villager (Male) |
| 11:52 | Queue | Fishing Ship |
| 11:53 | Queue | Fishing Ship |
| 12:16 | Queue | Villager (Male) |
| 12:29 | Queue | Archer |
| 12:29 | Queue | Archer |
| 12:30 | Queue | Villager (Male) |
| 12:31 | Queue | Villager (Male) |
| 12:31 | Queue | Villager (Male) |
| 12:32 | Build | House |
| 12:54 | Queue | Archer |
| 12:55 | Queue | Villager (Male) |
| 13:00 | Research | Tech 906 |
| 13:05 | Queue | Villager (Male) |
| 13:12 | Build | House |
| 13:15 | Queue | Villager (Male) |
| 13:15 | Queue | Villager (Male) |
| 13:23 | Build | Mill |
| 13:28 | Build | House |
| 13:45 | Queue | Archer |
| 13:47 | Queue | Villager (Male) |
| 13:59 | Build | Mining Camp |
| 14:13 | Queue | Archer |
| 14:40 | Queue | Villager (Male) |
| 14:46 | Build | Blacksmith |
| 14:50 | Queue | Archer |
| 14:57 | Queue | Villager (Male) |
| 15:00 | Queue | Fishing Ship |
| 15:09 | Queue | Archer |
| 15:14 | Queue | Villager (Male) |
| 15:14 | Queue | Villager (Male) |
| 15:20 | Build | Lumber Camp |
| 15:42 | Research | Castle Age |
| 15:42 | Research | Castle Age |
| 15:46 | Build | House |
| 15:48 | Build | Palisade Wall |
| 15:49 | Build | Palisade Wall |
| 15:50 | Build | Palisade Wall |
| 16:19 | Queue | Archer |
| 16:21 | Research | Gold Mining |
| 16:31 | Build | Watch Tower |
| 16:37 | Queue | Archer |
| 16:37 | Queue | Archer |
| 16:47 | Queue | Fishing Ship |
| 17:19 | Research | Fletching |
| 17:19 | Research | Fletching |
| 17:27 | Build | Stable |
| 17:42 | Queue | Villager (Male) |
| 18:01 | Research | Horse Collar |
| 18:01 | Queue | Villager (Male) |
| 18:02 | Queue | Villager (Male) |
| 18:04 | Queue | Fishing Ship |
| 18:10 | Queue | Villager (Male) |
| 18:22 | Age | Castle Age |
| 18:24 | Build | Siege Workshop |
| 18:25 | Queue | Knight |
| 18:25 | Queue | Knight |
| 18:29 | Queue | Villager (Male) |
| 18:32 | Research | Scale Barding Armor |
| 18:48 | Build | Mining Camp |
| 18:52 | Queue | Knight |
| 19:12 | Queue | Villager (Male) |
| 19:23 | Queue | Battering Ram |
| 19:24 | Queue | Villager (Male) |
| 19:27 | Build | Outpost |
| 19:41 | Queue | Knight |
| 19:43 | Queue | Villager (Male) |
| 19:51 | Build | House |
| 19:59 | Queue | Knight |
| 20:03 | Queue | Villager (Male) |
| 20:32 | Build | Lumber Camp |
| 20:36 | Queue | Knight |
| 20:36 | Queue | Knight |
Match timeline
| 3:42 | CNZS_Dadaya · first_building Dock |
| 4:39 | recplorer · first_building Dock |
| 6:03 | CNZS_Dadaya · wall_segment Palisade Wall x1 |
| 6:04 | CNZS_Dadaya · wall_segment Palisade Wall x1 |
| 7:41 | recplorer · first_building Barracks |
| 8:09 | CNZS_Dadaya · wall_segment Palisade Wall x1 |
| 8:39 | CNZS_Dadaya · first_building Barracks |
| 9:50 | CNZS_Dadaya · age_up feudal |
| 9:56 | CNZS_Dadaya · first_building Archery Range |
| 10:13 | CNZS_Dadaya · wall_segment Palisade Wall x1 |
| 10:17 | CNZS_Dadaya · wall_segment Palisade Wall x1 |
| 10:37 | recplorer · age_up feudal |
| 11:02 | CNZS_Dadaya · wall_segment Palisade Wall x1 |
| 11:05 | CNZS_Dadaya · wall_segment Palisade Wall x1 |
| 12:03 | recplorer · first_building Archery Range |
| 15:48 | CNZS_Dadaya · wall_segment Palisade Wall x1 |
| 15:49 | CNZS_Dadaya · wall_segment Palisade Wall x1 |
| 15:50 | recplorer · wall_segment Palisade Wall x1 |
| 15:50 | CNZS_Dadaya · wall_segment Palisade Wall x5 |
| 15:51 | recplorer · wall_segment Palisade Wall x1 |
| 15:51 | recplorer · wall_segment Palisade Wall x1 |
| 15:52 | recplorer · wall_segment Palisade Wall x1 |
| 15:52 | recplorer · wall_segment Palisade Wall x1 |
| 15:53 | recplorer · wall_segment Palisade Wall x1 |
| 15:53 | recplorer · wall_segment Palisade Wall x1 |
| 15:54 | recplorer · wall_segment Palisade Wall x1 |
| 17:27 | CNZS_Dadaya · first_building Stable |
| 18:22 | CNZS_Dadaya · age_up castle |
| 18:24 | CNZS_Dadaya · first_building Siege Workshop |
| 19:55 | recplorer · wall_segment Palisade Wall x1 |
| 19:56 | recplorer · wall_segment Palisade Wall x1 |
| 19:56 | recplorer · wall_segment Palisade Wall x1 |
| 19:57 | recplorer · wall_segment Palisade Wall x1 |
| 19:58 | recplorer · wall_segment Palisade Wall x1 |
| 19:59 | recplorer · wall_segment Palisade Wall x1 |
| 20:45 | recplorer · wall_segment Palisade Wall x1 |
| 20:46 | recplorer · wall_segment Palisade Wall x1 |
| 20:55 | recplorer · wall_segment Palisade Wall x1 |
| 20:57 | recplorer · wall_segment Palisade Wall x1 |
| 20:58 | recplorer · wall_segment Palisade Wall x1 |
| 20:59 | recplorer · wall_segment Palisade Wall x1 |
| 21:40 | recplorer · wall_segment Stone Wall x1 |
| 21:42 | recplorer · wall_segment Stone Wall x1 |
| 21:51 | CNZS_Dadaya · first_building Monastery |
| 22:40 | recplorer · age_up castle |
| 23:51 | recplorer · first_building Monastery |
| 26:08 | CNZS_Dadaya · wall_segment Palisade Wall x6 |
| 28:34 | recplorer · age_up imperial |
| 30:23 | CNZS_Dadaya · wall_segment Stone Wall x1 |
| 31:02 | CNZS_Dadaya · first_market_buy 100 food |
| 32:00 | CNZS_Dadaya · wall_segment Stone Wall x1 |
| 33:40 | recplorer · first_building Castle |
| 35:01 | recplorer · first_market_buy 100 stone |
| 36:08 | CNZS_Dadaya · resign |
[ AI ANALYSIS · 1 CREDIT ]
What really happened in this match?
Wolo.gg analyzes every decision: build order, eco, micro, common mistakes by bracket. Personalized analysis on WhatsApp or Discord in 30 seconds.
Civ guide
Maya
Perfil
Jugador #25868614